[Event "Early-Titled-Tuesday-Blitz-January-30-2024"]
[Site "Chess.com"]
[Date "2024.01.30"]
[Round "5"]
[White "Ginger_GM"]
[Black "FGHSMN"]
[Result "0-1"]
[WhiteElo "2681"]
[BlackElo "2897"]
[TimeControl "180+1"]
[EndTime "8:58:30 PST"]
[Termination "FGHSMN won by resignation"]

1. d4 Nf6 2. Bg5 Ne4 3. h4 c5 4.
d5 d6 5. Nd2 Nxg5 6. hxg5 g6 7.
c3 h5 8. e4 Bg7 9. f4 e5 10.
dxe6 Bxe6 11. Bd3 Bg4 12. Qb3 O-O 13. Qxb7 Nd7 14. Qb3 Rb8 15. Qc2 d5 16. e5 c4 17. Be2 Bf5 18. Qc1 Nc5 19. Ngf3 Bd3 20. Nd4 Bxe2 21. Kxe2 Nd3 22. Qf1 Rxb2 23. g4 Bxe5 24.
fxe5 Qxg5 25. Nf3 Qxg4 26. Qg1 Qf4 27. Qe3 Qf5 28. Rag1 Re8 29. Rg5 Qe4 30. Rh4 Nc1+ 31. Kf2 Nd3+ 32. Ke2 Nc1+ 33. Kf2 Qxe3+ 34. Kxe3 Rc2 35.
Kd4 Ne2+ 36. Kxd5 Nxc3+ 37. Kc6 Re6+ 38. Kd7 Nxa2 39. Rxc4 Rxc4 40. Nxc4 Nb4 41. Nd6 Nd3 42. Ne4 h4 43. Nxh4 Nxe5+ 44. Kc7 Nd3 45. Ng3 Kg7 46. Rd5 Nf4 47. Rd7 a5 48. Rd8 a4 49.
Ra8 Nd5+ 50. Kd7 Nb6+ 0-1

[Event "Early-Titled-Tuesday-Blitz-January-30-2024"]
[Site "Chess.com"]
[Date "2024.01.30"]
[Round "5"]
[White "mr65"]
[Black "ajkom197"]
[Result "1-0"]
[WhiteElo "1933"]
[BlackElo "2532"]
[TimeControl "180+1"]
[EndTime "8:58:30 PST"]
[Termination "mr65 won by resignation"]

1. e4 c6 2. Nc3 d5 3. Nf3 dxe4 4.
Nxe4 Nf6 5. Nxf6+ exf6 6. h3 Bd6 7. d4 O-O 8. Be2 Na6 9. O-O Nc7 10. Re1 a5 11. Bf1 b5 12. a4 b4 13. c4 bxc3 14.
bxc3 Nd5 15. Qc2 Be6 16. Ba3 Bxa3 17. Rxa3 Qd6 18. Raa1 c5 19. Rab1 cxd4 20. Nxd4 Bd7 21. Bb5 Rfd8 22. Bxd7 Rxd7 23. Nb5 Qc5 24. c4 Nf4 25. Qe4 Nxh3+ 26. gxh3 Rf8 27. Red1 Re7 28. Qd4 Qg5+ 29. Qg4 Qc5 30. Qd4 Qg5+ 31. Kh2 Re2 32. Rb2 Rxb2 33. Qxb2 Qf4+ 34. Kg2 Qxc4 35. Qc3 Qxa4 36.
Nd4 Qd7 37. Qe3 a4 38. Rd2 g6 39. Nf3 Qc6 40. Qd3 h5 41. Qd5 Qxd5 42. Rxd5 Ra8 43.
Rd2 Kg7 44. Ra2 g5 45. Ra3 Kg6 46. Nd2 f5 47. Nc4 f4 48. Nb2 g4 49. hxg4 hxg4 50. Rxa4 Rb8 51. Nd3 f3+ 52. Kg3 f5 53. Nf4+ Kg5 54.
Ra6 Rg8 55. Rb6 Rg7 56. Ne6+ Kf6 57. Nxg7+ Kg5 58. Ne6+ Kf6 59. Nf4+ Ke5 60. Re6+ Kd4 61. Re1 Kc5 62. Re5+ Kd4 63. Rxf5 Ke4 64. Kxg4 1-0

[Event "Early-Titled-Tuesday-Blitz-January-30-2024"]
[Site "Chess.com"]
[Date "2024.01.30"]
[Round "5"]
[White "DreamsAreFake"]
[Black "OparinGrigoriy"]
[Result "0-1"]
[WhiteElo "2724"]
[BlackElo "3005"]
[TimeControl "180+1"]
[EndTime "8:58:31 PST"]
[Termination "OparinGrigoriy won by resignation"]

1. Nf3 c5 2. g3 b6 3. Bg2 Bb7 4.
O-O Nf6 5. b3 g6 6. Bb2 Bg7 7. c4 O-O 8. Nc3 e6 9. d4 Qe7 10. e3 d6 11. Qe2 Rd8 12. Rfd1 Nc6 13. Rac1 Rac8 14. h3 cxd4 15. exd4 d5 16. cxd5 exd5 17. Ne5 Qe6 18. Nxc6 Qxe2 19. Nxe2 Bxc6 20. Rc2 Bb7 21. Rdc1 Rxc2 22. Rxc2 Rc8 23. Rxc8+ Bxc8 24. Nf4 Bb7 25. Nd3 Ne4 26. Ne5 f6 27. Ng4 Kf7 28. Ne3 Ke6 29. Bf1 Bh6 30. Kg2 Bf8 31. Bd3 Bc6 32. f3 Nd6 33. a4 Be7 34. Kf2 Nb7 35.
Ke2 Na5 36. Bc2 Bb7 37. Bc3 Nc6 38. Bd3 Nb4 39. Bxb4 Bxb4 40. Nc2 Bc3 41. f4 Bc8 42.
Ke3 Kd6 43. g4 Bb2 44. Kd2 Bd7 45. Be2 Ke7 46. Bf3 Ke6 47. Be2 Kd6 48. Bf3 h6 49.
Be2 f5 50. Bf3 fxg4 51. hxg4 Be8 52. Be2 h5 53. gxh5 gxh5 54. Ke3 h4 55. Bd3 Bh5 56.
Kf2 Bd1 57. Kg2 Bxc2 58. Bxc2 Bxd4 59. Kh3 Bf6 60. Kg4 Kc5 61. Bd3 Kd4 62. Bf1 Kc3 63. Kf5 Bd8 64. Ke6 d4 65. f5 d3 0-1

[Event "Early-Titled-Tuesday-Blitz-January-30-2024"]
[Site "Chess.com"]
[Date "2024.01.30"]
[Round "5"]
[White "azikom"]
[Black "atwalcb"]
[Result "1-0"]
[WhiteElo "2721"]
[BlackElo "2497"]
[TimeControl "180+1"]
[EndTime "8:58:31 PST"]
[Termination "azikom won on time"]

1. c4 e6 2. Nc3 d5 3. e3 Bb4 4.
Nf3 c5 5. cxd5 exd5 6. Bb5+ Bd7 7. Bxd7+ Qxd7 8. O-O Nc6 9. d4 Nf6 10. Ne2 c4 11. Bd2 Bd6 12. h3 O-O 13. Qc2 Rfe8 14.
Rfd1 b5 15. Be1 Rac8 16. a3 a5 17. Nc3 b4 18. axb4 axb4 19. Ne2 b3 20. Qb1 Ra8 21. Nc3 Nb4 22. Bd2 Nc2 23. Rxa8 Rxa8 24. Ne1 Ra1 25.
Qxa1 Nxa1 26. Rxa1 h6 27. Nf3 Bb4 28. Ra8+ Kh7 29.
Ne2 Bxd2 30. Nxd2 Qb7 31. Ra1 Qb4 32. Nc3 Qb7 33. g4 g5 34. Kg2 Kg6 35. Nf3 Ne4 36.
Ne5+ Kg7 37. Nxe4 dxe4 38. Nxc4 Qc6 39. Rc1 Qc8 40. Rc3 Qb7 41. Nd2 f5 42. gxf5 Qd5 43. Rc7+ Kf8 44. Rc5 Qb7 45. Nc4 Qd7 46. Nd2 Qb7 47. Rc3 Qd5 48. Rc8+ Kg7 49. Rc5 Qb7 50. Nc4 Kf8 51. Ne5 1-0

[Event "Early-Titled-Tuesday-Blitz-January-30-2024"]
[Site "Chess.com"]
[Date "2024.01.30"]
[Round "5"]
[White "hasagoodchesser"]
[Black "Baku_Boulevard"]
[Result "0-1"]
[WhiteElo "2739"]
[BlackElo "3055"]
[TimeControl "180+1"]
[EndTime "8:58:32 PST"]
[Termination "Baku_Boulevard won on time"]

1. Nf3 g6 2. g3 Bg7 3. Bg2 e5 4. O-O d6 5. c4 Nf6 6. d4 exd4 7. Nxd4 O-O 8. Nc3 Nbd7 9. b3 Re8 10. Bb2 a6 11. e3 Rb8 12. Qc2 Ne5 13. h3 c5 14.
Nde2 b5 15. cxb5 axb5 16. Rad1 b4 17. Nd5 Nxd5 18. Rxd5 Bb7 19. Rdd1 Bxg2 20. Kxg2 Qb6 21. Nf4 Qb7+ 22. Nd5 Ra8 23. Bxe5 Rxe5 24. Rd2 Rxd5 25. Qe4 Rxd2 26. Qxb7 Raxa2 27. Qc8+ Bf8 28. h4 h5 29.
g4 hxg4 30. Qxg4 Rd5 31. e4 Rh5 32. Rh1 Bg7 33. Qc8+ Bf8 34. Qd7 Re2 35. Qg4 Ra2 36.
Qd7 Kg7 37. Kg3 Rb2 38. Kg2 Rxb3 39. Ra1 Ra3 40. Rxa3 bxa3 41. Qa7 Rxh4 42. f3 Rh5 43. Qxa3 Be7 44. Qc3+ Bf6 45. Qb3 Be5 46. Qb5 Rg5+ 47.
Kf1 Rg3 48. Ke2 Rg2+ 49. Kd3 Rb2 50. Qd7 Rb3+ 51. Ke2 c4 52. Qc7 Rb2+ 53. Ke3 c3 54. f4 Bf6 55. Kd3 c2 56. Kd2 Ra2 57. Kc1 Bd4 58.
Qxd6 Be3+ 0-1

[Event "Early-Titled-Tuesday-Blitz-January-30-2024"]
[Site "Chess.com"]
[Date "2024.01.30"]
[Round "5"]
[White "kamilianin235"]
[Black "chessdjw"]
[Result "0-1"]
[WhiteElo "2504"]
[BlackElo "2734"]
[TimeControl "180+1"]
[EndTime "8:58:32 PST"]
[Termination "chessdjw won by resignation"]

1. e4 c5 2. Nf3 d6 3. d4 cxd4 4. Nxd4 Nf6 5. Nc3 Nc6 6. Bc4 e6 7. Be3 Be7 8. Qe2 a6 9. Bb3 Bd7 10. g4 h6 11. O-O-O Na5 12. h4 Nxb3+ 13. axb3 g6 14. g5 hxg5 15. hxg5 Nh5 16. f4 Qa5 17. Kb1 O-O-O 18. Qf3 Kb8 19. f5 Rdf8 20. fxe6 fxe6 21. Qg4 Qe5 22. Nd5 Bd8 23. Nf4 Qxe4 24. Bc1 Nxf4 25. Rxh8 Rxh8 26. Bxf4 Ka8 27. Qf3 Qxf3 28. Nxf3 Bc6 29.
Nd4 e5 30. Nxc6 bxc6 31. Bc1 Be7 32. Rf1 Rf8 33. Rh1 Rf7 34. Rh6 Rg7 35. Rh8+ Kb7 36. Re8 d5 37. c3 Kc7 38. b4 Rf7 39. Rg8 e4 40. Rxg6 Rf1 41. Kc2 Bd6 42. Re6 Kd7 43. Rh6 Rf2+ 44. Kb3 Rg2 45. g6 Be5 46. Rh7+ Ke6 47.
Ra7 Rxg6 48. Rxa6 Kf5 49. b5 cxb5 50. Rxg6 Kxg6 51. Kb4 Kf5 52. Kxb5 Bf4 53. Bxf4 Kxf4 54. c4 e3 55. c5 e2 56. c6 e1=Q 57. c7 Qc1 58. Kb6 d4 0-1

[Event "Early-Titled-Tuesday-Blitz-January-30-2024"]
[Site "Chess.com"]
[Date "2024.01.30"]
[Round "5"]
[White "alekroth65"]
[Black "arenal72"]
[Result "0-1"]
[WhiteElo "2370"]
[BlackElo "2586"]
[TimeControl "180+1"]
[EndTime "8:58:32 PST"]
[Termination "arenal72 won on time"]

1. d4 d6 2. c4 e5 3. Nc3 exd4 4. Qxd4 Nc6 5. Qd2 Nf6 6. g3 Be6 7. Nd5 Be7 8. Bg2 O-O 9. Nh3 Ne5 10. b3 Nxd5 11.
cxd5 Bxh3 12. Bxh3 Bf6 13. Bb2 Re8 14. O-O c5 15.
dxc6 bxc6 16. Rac1 c5 17. Rfd1 Nc6 18. Bg2 Bxb2 19.
Qxb2 Rc8 20. e3 Qe7 21. Qd2 Ne5 22. Qxd6 Qxd6 23. Rxd6 c4 24. bxc4 Nxc4 25. Rd7 a5 26. Bd5 Ne5 27. Rxc8 Rxc8 28. Re7 Nd3 29. Rxf7 Kh8 30.
Ra7 g6 31. Kg2 Rc2 32. Rf7 a4 33. g4 Nb4 34. Be6 Rc6 35. Re7 Rc2 36. g5 h5 37.
gxh6 Nxa2 38. Bxa2 Rxa2 39. Ra7 a3 40. Kg3 Ra1 41. Kf3 a2 42. Kf4 Kg8 43. Ke5 Kh8 44. Kf6 Kg8 45. h4 Kh8 46. h7 Rh1 47. Rxa2 Rxh4 48.
f4 Kxh7 49. Rg2 Rh6 0-1

[Event "Early-Titled-Tuesday-Blitz-January-30-2024"]
[Site "Chess.com"]
[Date "2024.01.30"]
[Round "5"]
[White "inneremptiness"]
[Black "Njal28"]
[Result "1-0"]
[WhiteElo "2881"]
[BlackElo "3038"]
[TimeControl "180+1"]
[EndTime "8:58:34 PST"]
[Termination "inneremptiness won by resignation"]

1. e4 e5 2. Nf3 Nc6 3. Bb5 a6 4. Ba4 d6 5. O-O Bd7 6. d4 Nxd4 7.
Bxd7+ Qxd7 8. Nxd4 exd4 9. Qxd4 Nf6 10. Nc3 Be7 11. b3 O-O 12. Bb2 c6 13. Na4 Rad8 14. Rad1 Rfe8 15. Rfe1 b5 16. Nc3 Bf8 17. h3 Re6 18.
Qb6 Qc8 19. Re3 Rde8 20. Rde1 h6 21. Qd4 a5 22. a4 b4 23. Nd1 Qb7 24. e5 dxe5 25.
Rxe5 Rxe5 26. Rxe5 Rxe5 27. Qxe5 Qd7 28. Ne3 Qd2 29. Qxa5 Ne4 30. Qf5 Qe1+ 31. Nf1 f6 32. Bd4 Nd2 33. Qd3 Nxf1 34. Qxf1 Qe4 35. Qd3 Qe8 36. a5 c5 37. Be3 Qe5 38. a6 Bd6 39. g3 Qa1+ 40. Kg2 Be5 41. Qd8+ Kh7 42. Qd3+ Kg8 43.
Bxc5 Qa5 44. Be3 Bc7 45. a7 Qa2 46. Qd5+ Kh7 47. a8=Q Qxa8 48. Qxa8 f5 49. Qf3 g6 50.
Kh1 Be5 51. Kg1 Bg7 52. Kf1 h5 53. h4 g5 54. Qxh5+ Kg8 55. Qg6 1-0

[Event "Early-Titled-Tuesday-Blitz-January-30-2024"]
[Site "Chess.com"]
[Date "2024.01.30"]
[Round "5"]
[White "dcann0n88"]
[Black "MoreChessJulia"]
[Result "1-0"]
[WhiteElo "2450"]
[BlackElo "2150"]
[TimeControl "180+1"]
[EndTime "8:58:34 PST"]
[Termination "dcann0n88 won by resignation"]

1. d4 Nf6 2. c4 e6 3. g3 Bb4+ 4.
Bd2 Bxd2+ 5. Qxd2 Ne4 6. Qc2 d5 7. Bg2 f5 8. Nf3 c6 9. O-O O-O 10. b3 Nd7 11. Nbd2 Ndf6 12. Ne5 Nxd2 13. Qxd2 Ne4 14.
Bxe4 fxe4 15. f4 Bd7 16. e3 Be8 17. Qf2 Bh5 18. g4 Bg6 19. h4 Rc8 20. h5 Be8 21. g5 Bxh5 22. Qh2 g6 23. Qc2 Qb6 24. Nd7 Qc7 25. Nxf8 Rxf8 26. b4 Qb6 27. a3 a6 28.
Rab1 Bf3 29. Rfc1 Qc7 30. b5 Rf5 31. Qf2 h6 32. bxc6 bxc6 33. cxd5 exd5 34. Qb2 hxg5 35. Qb8+ Qxb8 36. Rxb8+ Kg7 37. Rb7+ Kh6 38. Rxc6 gxf4 39. exf4 Rxf4 40. Re7 Rg4+ 41. Kf2 Rg2+ 42. Ke1 Kg5 43. Re5+ Kf4 44. Rc3 g5 45. Re8 g4 46. Rf8+ Kg3 47. Rf5 Rg1+ 48. Kd2 Rd1+ 49. Kc2 Kf2 50. Rfxf3+ exf3 51. Kxd1 g3 52. Rc2+ Ke3 53. Rc3+ Kxd4 54. Rxf3 g2 55.
Rg3 Kc4 56. Rxg2 Kb3 57. Rd2 Kxa3 58. Rxd5 Kb4 59. Kc2 a5 60. Kb2 a4 61. Rd4+ Kb5 62.
Rh4 Ka5 63. Ka3 Kb5 64. Rh5+ Ka6 65. Kxa4 1-0

[Event "Early-Titled-Tuesday-Blitz-January-30-2024"]
[Site "Chess.com"]
[Date "2024.01.30"]
[Round "5"]
[White "UnTucopalaTimba"]
[Black "yuriydovzik"]
[Result "0-1"]
[WhiteElo "1914"]
[BlackElo "2213"]
[TimeControl "180+1"]
[EndTime "8:58:34 PST"]
[Termination "yuriydovzik won on time"]

1. e4 a6 2. d4 b5 3. a4 bxa4 4.
Rxa4 e6 5. Nc3 Bb7 6. Nf3 Nf6 7.
Bg5 Be7 8. Bd3 d5 9. e5 Nfd7 10.
Bxe7 Qxe7 11. O-O O-O 12. Ne2 c5 13. c3 Nc6 14. dxc5 Nxc5 15. Rh4 g6 16. Ned4 Nxd3 17. Nxc6 Bxc6 18. Qxd3 Bb5 19. Qe3 Bxf1 20. Qh6 f5 21. exf6 Rxf6 22. Kxf1 Rxf3 23. gxf3 Rf8 24. Kg2 Qf7 25. f4 Qg7 26. Qg5 Qf6 27. Rg4 Kg7 28. h4 h6 29. Qxf6+ Kxf6 30. Kf3 Rb8 31. b4 a5 32. bxa5 Ra8 33. Ke2 Rxa5 34. Kd3 Ra4 35. f3 Ra1 36. Rg2 Rf1 37. Ke2 Rh1 38. Rg4 Kf5 39. Ke3 Rc1 40. Kd2 Rh1 41. Ke3 Kf6 42. Kd4 Rd1+ 43. Ke3 Rc1 44. Kd2 Rh1 45. Ke3 h5 46. Rg5 Rxh4 47. Rg2 Rh1 48. Kd3 Rf1 49. Ke2 Ra1 50. Kd3 Ra4 0-1

[Event "Early-Titled-Tuesday-Blitz-January-30-2024"]
[Site "Chess.com"]
[Date "2024.01.30"]
[Round "5"]
[White "Bkmzzzzz"]
[Black "Caroexpert"]
[Result "0-1"]
[WhiteElo "2335"]
[BlackElo "2564"]
[TimeControl "180+1"]
[EndTime "8:58:35 PST"]
[Termination "Caroexpert won by resignation"]

1. e4 e5 2. Nf3 d6 3. Nc3 Nf6 4.
d4 exd4 5. Nxd4 Nc6 6. Bc4 Be7 7.
O-O O-O 8. Nf5 Ne5 9. Bb3 Bxf5 10. exf5 c6 11. Bf4 Nfd7 12. Re1 Qc7 13. Qh5 d5 14. Bxd5 cxd5 15. Nxd5 Qd6 16. Nxe7+ Qxe7 17. f6 Qxf6 18. Bxe5 Qc6 19. Bc3 Nc5 20. Re3 Ne6 21. Rae1 Rae8 22. Qg4 f5 23. Qb4 Rf7 24. Qb3 Rfe7 25. Re5 g6 26. h3 b6 27. a3 a5 28. Qd5 Qxd5 29. Rxd5 Kf7 30. Red1 Rb7 31. Be5 Ree7 32. f4 Nc5 33. g3 Ne4 34. c3 Ke6 35. Kg2 Red7 36. Rxd7 Rxd7 37. Rxd7 Kxd7 38. Kf3 b5 39. b3 Kc6 40. g4 Kd5 41. gxf5 gxf5 42. Bc7 a4 43. bxa4 bxa4 44. Be5 Kc4 45. h4 Nxc3 46. Ke3 Ne4 47.
Ke2 Kb3 48. Kd3 Kxa3 49. Bg7 Kb3 50. Kd4 a3 51. Ke5 a2 52. Kxf5 Nc3 0-1

[Event "Early-Titled-Tuesday-Blitz-January-30-2024"]
[Site "Chess.com"]
[Date "2024.01.30"]
[Round "5"]
[White "BardArtem"]
[Black "Kostya0705"]
[Result "0-1"]
[WhiteElo "2773"]
[BlackElo "2592"]
[TimeControl "180+1"]
[EndTime "8:58:36 PST"]
[Termination "Kostya0705 won on time"]

1. e4 c5 2. a3 e6 3. b4 cxb4 4. axb4 Bxb4 5. c3 Bf8 6. d4 d5 7. e5 Nc6 8. Nf3 Rb8 9. Bd3 b5 10. O-O b4 11. c4 dxc4 12. Bxc4 Nge7 13. Nbd2 Nd5 14. Ne4 Be7 15. Bd3 h6 16. Re1 Bb7 17. Ng3 Nc3 18. Qc2 Nxd4 19. Nxd4 Qxd4 20. Be3 Qd5 21. f3 O-O 22. Bxa7 Bc5+ 23. Bxc5 Qxc5+ 24. Qf2 Qxf2+ 25. Kxf2 b3 26. Ne2 Rfc8 27. Rac1 Nxe2 28. Kxe2 Rxc1 29. Rxc1 b2 30. Rd1 Ba6 31. Rb1 Bxd3+ 32. Kxd3 Kf8 33. Kc3 Ke7 34. Rxb2 Rxb2 35. Kxb2 Kd7 36.
Kc3 Kc6 37. Kc4 Kb6 38. Kb4 Kc6 39. Kc4 Kb6 40. f4 Kc6 41. g4 g6 42. h3 Kb6 43.
Kb4 Kc6 44. Kc4 g5 45. f5 exf5 46. gxf5 h5 47. Kd4 h4 48. f6 Kd7 49. Kd5 g4 50. e6+ fxe6+ 51. Ke4 gxh3 0-1

[Event "Early-Titled-Tuesday-Blitz-January-30-2024"]
[Site "Chess.com"]
[Date "2024.01.30"]
[Round "5"]
[White "AlmasRakhmatullaev"]
[Black "Kiborg95"]
[Result "0-1"]
[WhiteElo "2952"]
[BlackElo "2864"]
[TimeControl "180+1"]
[EndTime "8:58:37 PST"]
[Termination "Kiborg95 won by resignation"]

1. e4 d6 2. d4 Nf6 3. Nc3 e5 4. Nf3 Nbd7 5. Bc4 Be7 6. O-O O-O 7. h3 c6 8. a4 h6 9. Qe2 exd4 10. Nxd4 Re8 11.
Re1 Bf8 12. Qf1 Nc5 13. f3 d5 14. exd5 Rxe1 15. Qxe1 cxd5 16. Ba2 Bd7 17. Nxd5 Bxh3 18. Nxf6+ Qxf6 19. Be3 Qg6 20. Qf2 Re8 21. Bf4 Nxa4 22. Bd5 Bd7 23. Be4 Qf6 24. Bg3 Nxb2 25. c3 Na4 26. Qc2 Nc5 27. Rxa7 Nxe4 28. fxe4 Qb6 29. Ra1 Qg6 30. Bh2 Rxe4 31. Qf2 Rg4 32. Ra8 Re4 33. Nf3 Re8 34. Rxe8 Bxe8 35. Nd4 Qb6 36. Bf4 Qf6 37. Qg3 Bd7 38. Be5 Qg5 39. Qh2 Qe3+ 40. Kf1 Qxc3 41.
Ne2 Qd3 42. Kf2 Bc5+ 43. Ke1 Bb5 44. g4 Qxe2+ 45. Qxe2 Bxe2 46. Kxe2 b5 47. Kd3 f6 48.
Bf4 Kf7 49. Ke4 Be7 50. Kf5 g6+ 51. Ke4 h5 52. gxh5 gxh5 53. Kf5 b4 54. Bd2 b3 55. Bc3 h4 56. Kg4 Ke6 57. Kxh4 Bd6 58. Kg4 Be5 0-1

[Event "Early-Titled-Tuesday-Blitz-January-30-2024"]
[Site "Chess.com"]
[Date "2024.01.30"]
[Round "5"]
[White "BelyakovBogdan"]
[Black "nihalsarin"]
[Result "0-1"]
[WhiteElo "2550"]
[BlackElo "3167"]
[TimeControl "180+1"]
[EndTime "8:58:37 PST"]
[Termination "nihalsarin won on time"]

1. e4 e5 2. Nf3 Nc6 3. Nc3 g6 4. d4 exd4 5. Nxd4 Bg7 6. Be3 Nge7 7. Qd2 O-O 8. O-O-O d5 9. Nxc6 bxc6 10. Bh6 Rb8 11.
Bxg7 Kxg7 12. exd5 cxd5 13. Nxd5 Nxd5 14. Qxd5 Qe7 15.
Bc4 Kg8 16. Rhe1 Qh4 17. g3 Qxh2 18. Qd4 Qh6+ 19. f4 Bg4 20. Rd3 Rfe8 21. Rde3 Rxe3 22. Qxe3 Qf8 23. a3 Rb6 24. Qe7 h5 25. Qxc7 Rf6 26.
Re7 a6 27. Qe5 Rf5 28. Bxf7+ Kh7 29. Bg8+ Kxg8 30. Qe6+ Rf7 31. Qxg6+ Qg7 32. Re8+ Rf8 33. Rxf8+ Kxf8 34. Qxa6 Qd4 35. Qh6+ Kf7 36. Qh7+ Ke6 37.
Qd3 Qxd3 38. cxd3 Kd5 39. Kd2 Kd4 40. a4 Bd7 41. a5 Bb5 0-1

[Event "Early-Titled-Tuesday-Blitz-January-30-2024"]
[Site "Chess.com"]
[Date "2024.01.30"]
[Round "5"]
[White "AttilaTurzo"]
[Black "flomarechot"]
[Result "1-0"]
[WhiteElo "2505"]
[BlackElo "2340"]
[TimeControl "180+1"]
[EndTime "8:58:38 PST"]
[Termination "AttilaTurzo won by checkmate"]

1. e4 d6 2. d4 Nf6 3. Nc3 e5 4. Nf3 Nbd7 5. Bc4 Be7 6. O-O O-O 7. a4 c6 8. Re1 b6 9. d5 Bb7 10. dxc6 Bxc6 11. Bg5 a6 12. Bxf6 Nxf6 13. Nd5 Bxd5 14. Bxd5 Rb8 15. c4 Qc7 16. Qd2 b5 17. cxb5 axb5 18. Rec1 Qd8 19. a5 b4 20. a6 Nxd5 21. Qxd5 Ra8 22. Rc6 Qd7 23. Nxe5 Qa7 24. Nc4 Bf6 25.
Rd1 Rfc8 26. Rxc8+ Rxc8 27. Qb7 Ra8 28. Qxa7 Rxa7 29.
Rxd6 h6 30. b3 Kf8 31. Kf1 Ke7 32. Ke2 Rc7 33. Rb6 Bd4 34. Rb7 Kd7 35. Rxb4 Ba7 36. Rb7 Kc8 37. Rxc7+ Kxc7 38. b4 Kc6 39. f4 Bb8 40. Kd3 Kb5 41. Ne5 f6 42. Ng6 Kxa6 43. e5 fxe5 44. fxe5 Kb5 45. e6 Bd6 46. e7 Bxe7 47.
Nxe7 Kxb4 48. Nf5 Kc5 49. Nxg7 Kd5 50. Nf5 h5 51. Ng3 h4 52. Nf5 h3 53. gxh3 Ke5 54. Ng3 Kf4 55. Ke2 Kg5 56. Kf2 Kh4 57. Kg2 Kg5 58.
Ne2 Kh4 59. Ng1 Kg5 60. Kg3 Kh5 61. h4 Kh6 62. Kg4 Kg6 63. h5+ Kh6 64. Nf3 Kh7 65.
Kg5 Kg7 66. h6+ Kh7 67. Kh5 Kg8 68. Kg6 Kh8 69. Ng5 Kg8 70. h7+ Kh8 71. Nf7# 1-0

[Event "Early-Titled-Tuesday-Blitz-January-30-2024"]
[Site "Chess.com"]
[Date "2024.01.30"]
[Round "5"]
[White "ChessSkool"]
[Black "bardiya_Daneshvar"]
[Result "1/2-1/2"]
[WhiteElo "2694"]
[BlackElo "2912"]
[TimeControl "180+1"]
[EndTime "8:58:40 PST"]
[Termination "Game drawn by repetition"]

1. d4 Nf6 2. Nf3 b6 3. Bf4 Bb7 4. e3 e6 5. h3 Bd6 6. Be5 O-O 7. Bd3 Nc6 8. O-O Nb4 9. Be2 Be4 10. c3 Nc6 11.
Nbd2 Bg6 12. Re1 Bxe5 13. dxe5 Nd5 14. Bf1 d6 15. e4 Nde7 16. exd6 cxd6 17. Nc4 d5 18. exd5 Nxd5 19. Nce5 Nxe5 20. Nxe5 Qc7 21. Qf3 Rad8 22. Rad1 Nf6 23. Qc6 Rxd1 24. Qxc7 Rxe1 25. f3 Nd5 26. Qxa7 Rxe5 27. c4 Ne3 28. Qxb6 Nxf1 29. Kxf1 Bd3+ 30. Kf2 Bxc4 31. a4 Re2+ 32. Kg3 Bd5 33.
a5 Rc2 34. b4 Rcc8 35. a6 Rb8 36. Qa5 Ra8 37. b5 Rfb8 38. b6 Bb7 39. a7 Rf8 40. Qa4 h6 41. Qd7 Bd5 42. Qc7 Rac8 43. Qd7 Ra8 44.
Qc7 Rfe8 45. b7 Rxa7 46. b8=Q Rxc7 47. Qxe8+ Kh7 48. Qd8 Rb7 49. h4 f5 50. h5 Rb4 51.
Qe8 Rc4 52. Qg6+ Kh8 53. Qe8+ Kh7 54. Qg6+ Kh8 55. Qe8+ Kh7 1/2-1/2

[Event "Early-Titled-Tuesday-Blitz-January-30-2024"]
[Site "Chess.com"]
[Date "2024.01.30"]
[Round "5"]
[White "AlexPapasimakopoulos"]
[Black "Dinamo3"]
[Result "1/2-1/2"]
[WhiteElo "2763"]
[BlackElo "2501"]
[TimeControl "180+1"]
[EndTime "8:58:41 PST"]
[Termination "Game drawn - insufficient material"]

1. d4 Nf6 2. c4 g6 3. Nc3 Bg7 4. Bg5 O-O 5. e3 d6 6. Nf3 h6 7.
Bh4 g5 8. Bg3 Nh5 9. Be2 Nxg3 10.
hxg3 Bf5 11. Nd2 Bg6 12. g4 c5 13. d5 a6 14. a4 Nd7 15. Nb3 Qc7 16. Bd3 Ne5 17.
Bxg6 Nxg6 18. Qe2 Rab8 19. g3 Qd7 20. O-O Bxc3 21. bxc3 b5 22. axb5 axb5 23. cxb5 Qxb5 24. Qxb5 Rxb5 25. Na5 Ne5 26. Rfb1 Rfb8 27. Rxb5 Rxb5 28. Ra4 e6 29. dxe6 fxe6 30. Nc4 Nxc4 31. Rxc4 Ra5 32. Re4 Kf7 33. f4 Ra3 34. c4 Ra2 35. Kf1 Rc2 36. Kg1 Kf6 37. Kf1 Rd2 38. Kg1 Kf7 39. Kf1 Rb2 40.
Kg1 Rc2 41. Kf1 Rd2 42. Kg1 d5 43. cxd5 exd5 44. Ra4 c4 45. Ra3 Ke6 46. Kf1 Kd6 47.
Ke1 Rg2 48. Ra6+ Kd7 49. Rxh6 Rxg3 50. fxg5 Rxg4 51. Rg6 Ke7 52. Kd2 Rg3 53. Rc6 Rxg5 54. e4 Kd7 55. Rc5 Rg2+ 56. Ke3 Rg3+ 57. Kd4 Rd3+ 58.
Ke5 dxe4 59. Kxe4 Rd6 60. Rxc4 Rc6 61. Ra4 Rd6 62. Ke5 Re6+ 63. Kf5 Rd6 64. Ra7+ Kc6 65. Ke5 Rd5+ 66. Ke4 Rd6 67. Ra6+ Kd7 68. Rxd6+ Kxd6 1/2-1/2

[Event "Early-Titled-Tuesday-Blitz-January-30-2024"]
[Site "Chess.com"]
[Date "2024.01.30"]
[Round "5"]
[White "KorolDimitriy75"]
[Black "Natalya_Buksa"]
[Result "0-1"]
[WhiteElo "2347"]
[BlackElo "2582"]
[TimeControl "180+1"]
[EndTime "8:58:42 PST"]
[Termination "Natalya_Buksa won by checkmate"]

1. d4 d5 2. c4 e6 3. Nc3 a6 4.
cxd5 exd5 5. Bf4 Nf6 6. e3 Bd6 7. Nge2 Bxf4 8. Nxf4 O-O 9. Bd3 b6 10. Rc1 Bb7 11. O-O Nbd7 12. Qd2 Re8 13. f3 Qe7 14. Rfe1 Qd6 15. Bb1 Re7 16. Nd3 Rae8 17. f4 c5 18. Ne5 c4 19. h3 b5 20. a3 Nf8 21. g4 N6d7 22. Qf2 f6 23. Nf3 Kh8 24. Kg2 Qb6 25.
g5 a5 26. h4 b4 27. axb4 axb4 28. Nd1 Qe6 29. Kg3 f5 30. Ne5 Nxe5 31. dxe5 Ra8 32. Qd2 Qb6 33. Nf2 Rf7 34. Nh3 g6 35. Ng1 Ne6 36.
Nf3 Kg7 37. Nd4 Nc5 38. Rh1 Rh8 39. h5 Rff8 40. Rh2 Bc8 41. Rch1 Bd7 42. Qg2 Ne4+ 43. Bxe4 dxe4 44. hxg6 hxg6 45. Rxh8 Rxh8 46. Rxh8 Kxh8 47. Qh3+ Kg8 48. Qh6 Be8 49. Nxf5 Qa7 50. e6 Qh7 51.
e7 Qxh6 52. Nxh6+ Kg7 53. Ng4 c3 54. bxc3 bxc3 55. Nf2 c2 56. Nxe4 c1=Q 57. Nf6 Bc6 58. e4 Qe3+ 59. Kg4 Kf7 60. f5 gxf5+ 61. Kxf5 Qf3+ 62.
Ke5 Qg3+ 63. Kf5 Kxe7 64. e5 Qd3+ 65. Kf4 Qf3# 0-1

[Event "Early-Titled-Tuesday-Blitz-January-30-2024"]
[Site "Chess.com"]
[Date "2024.01.30"]
[Round "5"]
[White "Cheer_Down"]
[Black "Aslanov_Umid"]
[Result "0-1"]
[WhiteElo "2461"]
[BlackElo "2654"]
[TimeControl "180+1"]
[EndTime "8:58:43 PST"]
[Termination "Aslanov_Umid won by resignation"]

1. e4 c5 2. Nf3 d6 3. d4 cxd4 4. Nxd4 Nf6 5. Nc3 a6 6. Rg1 b5 7. g4 Bb7 8. g5 Nxe4 9. Nxe4 Bxe4 10. Qe2 d5 11. f3 Bg6 12. f4 Be4 13. Bg2 Bxg2 14. Rxg2 Qc7 15. a4 b4 16. Bd2 e6 17. f5 e5 18. g6 hxg6 19. fxg6 Rh4 20. gxf7+ Kd7 21. Rg4 Nc6 22. Nxc6 Rxg4 23. Qxg4+ Kxc6 24. Bxb4 Qxf7 25. Bd2 Rb8 26. O-O-O d4 27. Kb1 Ba3 28. Bc1 Bb4 29. Rg1 Rb7 30. Qe4+ Qd5 31. Rg6+ Bd6 32. Qf5 e4 33. Rxd6+ Kxd6 34. Bf4+ Kc5 35.
Qc8+ Qc6 36. Qf8+ Kb6 37. Qb4+ Ka7 38. Qxd4+ Qb6 39. Qxb6+ Kxb6 40. b4 a5 41. b5 Kc5 42.
Kb2 Kb4 43. Be3 Kxa4 44. b6 Kb4 45. c3+ Kc4 46. Ka3 Kxc3 47. Ka4 Kd3 48. Bc5 e3 49. Kxa5 e2 50. Bb4 Kc4 51. Be1 Kc5 52. Bf2+ Kc6 53.
Ka6 Rxb6+ 54. Bxb6 e1=Q 0-1

[Event "Early-Titled-Tuesday-Blitz-January-30-2024"]
[Site "Chess.com"]
[Date "2024.01.30"]
[Round "5"]
[White "Predator0608"]
[Black "GrotBchess"]
[Result "0-1"]
[WhiteElo "2470"]
[BlackElo "2309"]
[TimeControl "180+1"]
[EndTime "8:58:43 PST"]
[Termination "GrotBchess won on time"]

1. f4 d6 2. Nf3 Nd7 3. g3 e5 4. d3 Ngf6 5. Bg2 c6 6. O-O Qb6+ 7. Kh1 Ng4 8. Qe1 Ne3 9. Bxe3 Qxe3 10. Nbd2 exf4 11.
Nc4 Qe6 12. Ng5 Qh6 13. gxf4 d5 14. Ne3 Bc5 15. Nf5 Qf6 16. e4 O-O 17. Ng3 h6 18. Nf3 Qxf4 19. d4 Bb6 20. c3 Qg4 21. e5 Bd8 22.
Rg1 Nb6 23. Qf2 Nc4 24. h3 Qe6 25. Bf1 Kh8 26. Nh5 g6 27. Nf4 Qf5 28. Qg3 g5 29. Ne2 Ne3 30. Bg2 Nxg2 31. Kxg2 Rg8 32. Raf1 g4 33.
Nh4 gxh3+ 34. Kh2 Rxg3 35. Nxf5 Rxg1 36. Nxg1 Bxf5 37. Rxf5 Kg7 38. Nxh3 Kg6 39. Rf2 Bg5 40. Kg3 Re8 41. Kg4 Re6 42. Rg2 f5+ 43. Kf3 Re7 44.
Nf4+ Kh7 45. Rh2 Kg7 46. Nh5+ Kg6 47. Ng3 f4 48. Ne2 Rf7 0-1